 Dungeon Crawl Stone Soup version 0.27-a0-1591-gc56fcc985a (webtiles) character file.

Game seed: 9934643250701682575

16382 Anon1729 the Fencer (level 12, -8/112 HPs)
             Began as a Minotaur Monk on July 19, 2021.
             Was the Champion of the Shining One.
             Shot with an arrow by a centaur warrior (27 damage)
             ... on level 13 of the Dungeon.
             The game lasted 00:19:23 (13353 turns).

Anon1729 the Fencer (Minotaur Monk)                Turns: 13353, Time: 00:19:23

Health: -8/112     AC: 11    Str: 27    XL:     12   Next: 9%
Magic:  15/15      EV: 12    Int:  7    God:    the Shining One [******]
Gold:   490        SH:  5    Dex: 13    Spells: 11/11 levels left

rFire    + . .     SeeInvis .   B - +0 long sword (flame)
rCold    + . .     Faith    .   (no shield)
rNeg     + + +     Spirit   .   C - +0 swamp dragon scales
rPois    +         Reflect  +   (helmet restricted)
rElec    .         Harm     .   G - scarf {rC+ rF+}
rCorr    .         Rampage  .   M - +0 pair of gloves
Will     .....                  (no boots)
Stlth    +.........             y - amulet of reflection
HPRegen  0.28/turn              Q - +6 ring of strength
MPRegen  0.14/turn              x - ring of positive energy

@: glowing
A: horns 2, retaliatory headbutt
a: Renounce Religion, Divine Shield, Cleansing Flame, Summon Divine Warrior,
Brand Weapon With Holy Wrath


You were on level 13 of the Dungeon.
You worshipped the Shining One.
The Shining One was exalted by your worship.
You visited 1 branch of the dungeon, and saw 13 of its levels.

You collected 581 gold pieces.
You spent 91 gold pieces at shops.

Inventory:

Hand Weapons
 a - a +0 falchion
 s - a +0 long sword
 B - a +0 long sword of flaming (weapon)
Missiles
 H - a curare-tipped dart (quivered)
 K - 8 throwing nets
Armour
 b - a +0 robe
 t - a +0 scale mail
 C - +0 swamp dragon scales (worn)
 G - a scarf of resistance (worn)
 M - a +0 pair of gloves (worn)
Jewellery
 g - a ring of ice
 p - a ring of magical power
 x - a ring of positive energy (right hand)
 y - an amulet of reflection (around neck)
 P - an amulet of faith
 Q - a +6 ring of strength (left hand)
Wands
 m - a wand of flame (58)
 r - a wand of iceblast (23)
 I - a wand of charming (3)
 J - a wand of acid (1)
 R - a wand of paralysis (2)
Scrolls
 f - a scroll of enchant weapon
 j - 4 scrolls of blinking
 k - 3 scrolls of holy word
 l - 4 scrolls of teleportation
 n - 3 scrolls of fog
 o - 2 scrolls of acquirement
 v - a scroll of brand weapon
 w - a scroll of enchant armour
 z - 3 scrolls of amnesia
 L - a scroll of silence
 O - a scroll of fear
Potions
 d - 4 potions of lignification
 e - 5 potions of curing
 h - 4 potions of might
 i - a potion of brilliance {unknown}
 q - a potion of heal wounds {unknown}
 u - 2 potions of berserk rage {unknown}
 A - a potion of haste {unknown}
 E - 2 potions of invisibility {unknown}
 F - 2 potions of flight {unknown}
 N - a potion of cancellation {unknown}
 S - a potion of attraction {unknown}


   Skills:
 + Level 12.1 Fighting
 * Level 15.2 Long Blades
 + Level 10.4 Armour
 - Level 4.0 Dodging
 - Level 2.2 Stealth
 + Level 6.4 Invocations


You had 11 spell levels left.
You didn't know any spells.
Your spell library contained the following spells:

 Spells                   Type           Power      Damage    Failure   Level
 Animate Skeleton         Necr           0%         N/A       54%         1
 Apportation              Tloc           0%         N/A       54%         1
 Corona                   Hex            0%         N/A       54%         1
 Summon Small Mammal      Summ           0%         N/A       54%         1
 Blink                    Tloc           N/A        N/A       67%         2
 Passwall                 Tmut/Erth      0%         N/A       67%         2
 Sublimation of Blood     Necr           0%         N/A       67%         2
 Lesser Beckoning         Tloc           0%         N/A       88%         3
 Stone Arrow              Conj/Erth      0%         3d7       88%         3
 Summon Guardian Golem    Hex/Summ       0%         N/A       88%         3
 Tukima's Dance           Hex            0%         N/A       88%         3
 Animate Armour           Summ/Erth      0%         N/A       99%         4
 Fulminant Prism          Conj/Hex       0%         3d6       99%         4
 Iskenderun's Mystic Bla  Conj/Tloc      0%         2d3       99%         4
 Passage of Golubria      Tloc           N/A        N/A       99%         4
 Petrify                  Tmut/Erth      0%         N/A       99%         4
 Irradiate                Conj/Tmut      0%         3d13      100%        5
 Lee's Rapid Deconstruct  Erth           0%         3d5*      100%        5
 Manifold Assault         Tloc           0%         N/A       100%        5
 Yara's Violent Unravell  Hex/Tmut       0%         3d3       100%        5
 Orb of Destruction       Conj           0%         N/A       100%        7
 Spellforged Servitor     Conj/Summ      0%         N/A       100%        7
 Lehudib's Crystal Spear  Conj/Erth      0%         10d2      100%        8


Dungeon Overview and Level Annotations

Branches:
Dungeon (13/15)            Temple (0/1) D:6            Lair (0/6) D:8
    Orc (0/2) D:11
 Vaults: D:13-14

Altars:
Dithmenos
Gozag
Qazlal
Sif Muna
Trog
Uskayaw
Xom
The Shining One
Beogh

Shops:
D:5 ?[   D:9 *   D:10 :

Annotations:
D:12 3 runed translucent doors, qborf's ghost, journeyman TrMo


Innate Abilities, Weirdness & Mutations

You have a pair of horns on your head.
You reflexively headbutt those who attack you in melee.


Message History

The centaur warrior shoots an arrow.
The arrow barely misses you.
The centaur warrior shoots an arrow.
The arrow hits you.
The centaur warrior shoots an arrow.
The arrow hits you!
The centaur warrior shoots an arrow.
The arrow hits you!!
You hear the creaking of a portcullis nearby.
The centaur warrior shoots an arrow.
The arrow hits you!!
* * * LOW HITPOINT WARNING * * *
The centaur warrior shoots an arrow.
You reflect the arrow off an invisible shield around you!
The arrow hits the centaur warrior!!
The centaur warrior shoots an arrow.
You reflect the arrow off an invisible shield around you!
The arrow hits the centaur warrior!
The centaur warrior unwields a +0 longbow.
The centaur warrior hits you.
* * * LOW HITPOINT WARNING * * *
The centaur warrior kicks you but does no damage.
You hit the centaur warrior but do no damage.
The centaur warrior is severely wounded.
The centaur warrior barely misses you.
The centaur warrior kicks you but does no damage.
You hit the centaur warrior. You burn the centaur warrior.
You headbutt the centaur warrior!
The centaur warrior is almost dead.
You block the centaur warrior's attack. The centaur warrior kicks you.
* * * LOW HITPOINT WARNING * * *
You hit the centaur warrior. You burn the centaur warrior.
You headbutt the centaur warrior.
The centaur warrior is almost dead.
The centaur warrior misses you.
You riposte.
You slash the centaur warrior! You burn the centaur warrior.
You kill the centaur warrior!
A centaur warrior comes into view.
The centaur warrior shouts!
You hear a shout!
The centaur warrior wields a +0 longbow.
The centaur warrior shoots an arrow.
You reflect the arrow off an invisible shield around you!
The arrow barely misses the centaur warrior.
Okay, then.
The centaur warrior shoots an arrow.
The arrow hits you!!
You die...

#.# #........##**,,,,,,,
#.# ***###.......#.#
*,≈≈≈≈≈≈ ####.#
*,,,.#........#* *,≈*****
.(...# *'**,.........#
*,≈*,,,* ######
*,,**#........# *,≈,,∩,*
## *,** #.)......#
**,≈*,,,* .# *,,*
#........# *,,≈***** .#
*#####........###,,≈≈≈≈≈≈
.#
#..###.@......c.,,,,,,,,
## #..#
#.#.#.#####,,,,,,,, #
#..# #.#.#,# *********
##########.^###.#.#,*
................#.#,*
##########.$#####.#,* *
#.....,...,* **
##.#####.#** ,* #.# *,*


You could see a centaur warrior.

Vanquished Creatures
  A boulder beetle (D:10)
  A hydra (D:11)
  A centaur warrior (D:13)
  3 two-headed ogres
  A tengu warrior (D:13)
  Urug (D:12)
  Pikel (D:5)
  A manticore (D:13)
  A cyclops (D:13)
  Maurice (D:13)
  Psyche (D:12)
  An unseen horror (D:11)
  Maggie (D:6)
  A kobold demonologist (D:12)
  A tengu conjurer (D:13)
  A wind drake (shapeshifter) (D:13)
  3 trolls
  A wyvern (D:10)
  Sigmund (D:3)
  A wraith (D:12)
  6 shadows
  2 vampires (D:11)
  A basilisk (D:12)
  10 yaks
  A swamp worm (shapeshifter) (D:13)
  2 acid dragons
  2 ice beasts (D:6)
  5 orc warriors
  A wolf (D:9)
  2 ogres (D:5)
  4 centaurs
  4 lemures (D:5)
  A phantom (D:6)
  4 bullfrogs
  A kobold brigand (D:8)
  3 gnoll sergeants
  2 scorpions (D:5)
  2 troll zombies (D:11)
  A wyvern skeleton (D:6)
  7 killer bees
  4 howler monkeys
  6 wights (D:7)
  3 centaur zombies
  2 jellies
  5 orc priests
  5 hounds
  A gnoll shaman (D:9)
  2 bullfrog skeletons
  Ijyb (D:5)
  Natasha (D:4)
  2 iguanas
  5 orc wizards
  6 ogre zombies (D:11)
  A hound skeleton (D:5)
  2 howler monkey zombies
  A howler monkey skeleton (D:6)
  18 gnolls
  8 adders
  3 shadow imps (D:7)
  2 white imps (D:8)
  An ufetubus (D:4)
  An adder skeleton (D:4)
  A dart slug (D:4)
  26 orcs
  6 bats
  8 endoplasms
  4 giant cockroaches
  5 goblins
  6 hobgoblins
  2 jackals
  3 quokkas
  5 ball pythons
  7 frilled lizards
  3 goblin skeletons
  2 goblin zombies (D:11)
  3 hobgoblin skeletons (D:11)
  3 hobgoblin zombies
  8 kobolds
  2 kobold skeletons (D:8)
  2 kobold zombies (D:8)
  4 orc skeletons
  15 orc zombies
  4 rats
284 creatures vanquished.

Vanquished Creatures (others)
  33 plants (D:2)
33 creatures vanquished.

Grand Total: 317 creatures vanquished

Notes
Turn   | Place    | Note
-------+----------+-------------------------------------------
     0 | D:1      | Anon1729 the Minotaur Monk began the quest for the Orb.
     0 | D:1      | Reached XP level 1. HP: 19/19 MP: 0/0
   241 | D:1      | Reached XP level 2. HP: 23/27 MP: 1/1
   346 | D:1      | Found a faded altar of an unknown god.
   359 | D:1      | Became a worshipper of the Shining One
   359 | D:1      | Reached * piety under the Shining One
   359 | D:1      | Reached ** piety under the Shining One
   507 | D:1      | Reached *** piety under the Shining One
   530 | D:1      | Reached skill level 4 in Long Blades
   844 | D:2      | Found a shadowy altar of Dithmenos.
   849 | D:2      | Reached XP level 3. HP: 33/33 MP: 2/2
  1943 | D:3      | Reached XP level 4. HP: 41/41 MP: 3/3
  2197 | D:3      | Noticed Sigmund
  2205 | D:3      | Killed Sigmund
  2206 | D:3      | Reached skill level 5 in Fighting
  2206 | D:3      | Reached skill level 5 in Long Blades
  2206 | D:3      | Reached XP level 5. HP: 46/50 MP: 0/4
  2645 | D:4      | Reached XP level 6. HP: 25/57 MP: 5/5
  2818 | D:4      | Reached skill level 6 in Long Blades
  3020 | D:4      | Noticed Natasha
  3023 | D:4      | Killed Natasha
  3214 | D:5      | Entered Level 5 of the Dungeon
  3483 | D:5      | Noticed Ijyb
  3489 | D:5      | Killed Ijyb
  3498 | D:5      | Noticed a +0 falchion
  3500 | D:5      | Noticed a +0 dagger
  3504 | D:5      | Noticed a +0 short sword
  3504 | D:5      | Noticed a +0 spear
  3505 | D:5      | Noticed a +0 dagger
  3505 | D:5      | Noticed a +0 spear
  3505 | D:5      | Noticed a +0 falchion
  3506 | D:5      | Noticed a +0 short sword
  3511 | D:5      | Found a hide-covered altar of Uskayaw.
  3553 | D:5      | Found Qiff's Magic Scroll Boutique.
  3554 | D:5      | Reached **** piety under the Shining One
  4196 | D:5      | Reached skill level 1 in Armour
  4196 | D:5      | Reached XP level 7. HP: 59/64 MP: 6/6
  4199 | D:5      | Reached skill level 7 in Long Blades
  4250 | D:5      | Found Xudwy's Armour Shop.
  4292 | D:5      | Bought a scroll of noise for 13 gold pieces
  4292 | D:5      | Bought 2 scrolls of teleportation for 78 gold pieces
  4369 | D:5      | HP: 3/66 [ogre (31)]
  4377 | D:5      | HP: 3/66 [lemure[Pikel] (2)]
  4831 | D:5      | Noticed Pikel
  4841 | D:5      | Killed Pikel
  4842 | D:5      | Reached skill level 8 in Long Blades
  4842 | D:5      | Reached XP level 8. HP: 37/74 MP: 7/7
  5140 | D:6      | Reached skill level 9 in Long Blades
  5178 | D:6      | Found a staircase to the Ecumenical Temple.
  5371 | D:6      | Reached skill level 5 in Armour
  5596 | D:6      | Reached skill level 10 in Long Blades
  5692 | D:7      | Noticed Maggie
  5704 | D:6      | Killed Maggie
  5705 | D:6      | Reached XP level 9. HP: 65/82 MP: 8/8
  6214 | D:7      | Reached skill level 11 in Long Blades
  6308 | D:7      | Found a shimmering blue altar of Sif Muna.
  6315 | D:7      | Got Sif Muna's Guide on Stones
  6320 | D:7      | Found a bloodstained altar of Trog.
  6320 | D:7      | Reached ***** piety under the Shining One
  6632 | D:8      | Noticed a gargoyle
  6633 | D:8      | Noticed a troll
  6706 | D:8      | Found a glowing golden altar of the Shining One.
  6829 | D:8      | Reached skill level 1 in Invocations
  6892 | D:8      | Found a staircase to the Lair.
  7164 | D:9      | Found Uneadoro's General Store.
  7255 | D:9      | Reached skill level 12 in Long Blades
  7260 | D:9      | Reached XP level 10. HP: 64/93 MP: 10/10
  7262 | D:9      | Reached skill level 10 in Fighting
  8442 | D:10     | Entered Level 10 of the Dungeon
  8447 | D:10     | Noticed a two-headed ogre
  8967 | D:10     | Noticed a two-headed ogre
  8973 | D:10     | Killed a two-headed ogre
  8974 | D:10     | Reached skill level 13 in Long Blades
  9162 | D:10     | Found a shimmering altar of Xom.
  9204 | D:10     | Found Zobbit's Book Shoppe.
  9794 | D:10     | Noticed a two-headed ogre
  9808 | D:10     | Killed a two-headed ogre
  9809 | D:10     | Reached XP level 11. HP: 44/101 MP: 13/13
 10050 | D:10     | Found an opulent altar of Gozag.
 10530 | D:11     | Noticed a four-headed hydra
 10589 | D:11     | Reached ****** piety under the Shining One
 10818 | D:11     | Noticed a boulder beetle
 10826 | D:11     | Killed a one-headed hydra
 10827 | D:11     | Reached skill level 14 in Long Blades
 11437 | D:10     | HP: 2/102 [boulder beetle (13)]
 11439 | D:10     | Killed a boulder beetle
 11440 | D:10     | Reached skill level 5 in Invocations
 11829 | D:11     | Noticed a two-headed ogre
 11838 | D:11     | Killed a two-headed ogre
 12149 | D:11     | Found a staircase to the Orcish Mines.
 12336 | D:12     | Found a stormy altar of Qazlal.
 12348 | D:12     | Noticed Urug
 12369 | D:12     | Killed Urug
 12674 | D:12     | Found a runed translucent gate.
 12679 | D:12     | Found a runed translucent gate.
 12679 | D:12     | Found a runed translucent gate.
 12682 | D:12     | Noticed qborf's ghost (journeyman TrMo)
 12781 | D:12     | Noticed Psyche
 12806 | D:12     | Killed Psyche
 13054 | D:13     | Reached skill level 10 in Armour
 13176 | D:13     | Noticed a tengu warrior
 13195 | D:13     | Killed a tengu warrior
 13196 | D:13     | Reached skill level 15 in Long Blades
 13214 | D:13     | Noticed Maurice
 13223 | D:13     | Paralysed by Maurice for 3 turns
 13234 | D:13     | Killed Maurice
 13235 | D:13     | Reached XP level 12. HP: 80/112 MP: 15/15
 13257 | D:13     | Identified 2 scrolls of acquirement
 13318 | D:13     | Noticed a centaur warrior
 13350 | D:13     | Killed a centaur warrior
 13352 | D:13     | Noticed a centaur warrior
 13353 | D:13     | Shot with an arrow by a centaur warrior

Illustrated notes

Levels and vault maps discovered:
D:1:      denvon_arrival_waterhouse, layout_basic,
          ebering_ecumenical_altar_abandoned
D:2:      layout_loops_cross, serial_bayou, serial_bayou_shore_b,
          serial_bayou_shore_a, serial_bayou_ford_a, serial_bayou_crossing,
          serial_bayou_pond_d, serial_bayou_lagoon_a, basic_altar
D:3:      layout_rooms, uniq_sigmund
D:4:      layout_basic, minmay_checkerbox, uniq_natasha
D:5:      layout_basic, nicolae_uskayaw_en_pointe, serial_shops, shop,
          nicolae_shop_window_shopping, hex_large, uniq_ijyb, uniq_pikel
D:6:      layout_rooms, minmay_temple_entry_large_hall
D:7:      layout_rooms, nzn_overflow_gifts_of_might_and_magic, uniq_maggie
D:8:      layout_rooms, nicolae_tso_besieged_by_evil, lair_entry_dummy,
          lightli_corner_chamber
D:9:      layout_cross, serial_gnoll_camp, gnoll_camp_mini_shop,
          gnoll_camp_medium_02, gnoll_camp_mini_hut, gnoll_camp_mini_sergeant,
          gnoll_camp_mini_hut
D:10:     layout_roguey, nicolae_gozag_seed_capital, overflow_temple_1_default,
          serial_shops, nicolae_lakefront_shop
D:11:     layout_cave_pools, zombieorc2_lemuel
D:12:     layout_roguey, biasface_ghost_orc_armoury,
          nicolae_qazlal_general_emergency, uniq_psyche, uniq_urug
D:13:     layout_loops_ring, enter_bailey_3, the_hattery, uniq_maurice

Skill      XL: |  1  2  3  4  5  6  7  8  9 10 11 |
---------------+----------------------------------+-----
Fighting       | 4 5 6 7 8 9 10 12 | 12.1
Stealth        | 2 |  2.2
Long Blades    | 4 5 6 8 10 12 13 15 | 15.2
Dodging        | 4 |  4.0
Armour         | 1 3 5 7 8 10 | 10.4
Invocations    | 1 4 6 |  6.4

Action                   |  1- 3 |  4- 6 |  7- 9 | 10-12 || total
-------------------------+-------+-------+-------+-------++-------
Melee: Falchion          |    72 |    56 |       |       ||   128
       Headbutt          |    11 |    18 |    57 |   116 ||   202
       Long sword        |       |    12 |   232 |   417 ||   661
Throw: Dart              |       |       |       |     2 ||     2
       Throwing net      |       |       |       |     1 ||     1
Invok: Divine Shield     |       |     1 |       |     3 ||     4
Evoke: Wand              |       |       |     1 |    14 ||    15
  Use: Potion            |       |       |       |     1 ||     1
       Scroll            |       |       |       |    14 ||    14
Armor: Robe              |    13 |     8 |       |       ||    21
       Scale mail        |       |     4 |    39 |       ||    43
       Swamp dragon scal |       |       |    53 |    86 ||   139
Dodge: Dodged            |    57 |    46 |   128 |   203 ||   434
Block: Other             |       |     1 |       |    53 ||    54
       Reflection        |       |       |       |     3 ||     3
       Rpst.: Falchion   |    20 |     6 |       |       ||    26
       Long sword        |       |     4 |    43 |    46 ||    93

Table legend: (Time is in decaauts)
 A = Elapsed time spent in this place.
 B = Non-inter-level travel time spent in this place.
 C = Inter-level travel time spent in this place.
 D = Time resting spent in this place.
 E = Time spent auto-exploring this place.
 F = Levels seen in this place.
 G = Mean time per level.
                   A        B        C        D        E       F      G
               +--------+--------+--------+--------+--------+-----+--------+
         Total |  13275 |  12814 |    461 |   2532 |   8554 |  13 | 1021.2 |
       Dungeon |  13275 |  12814 |    461 |   2532 |   8554 |  13 | 1021.2 |
               +--------+--------+--------+--------+--------+-----+--------+

Top non-repeatable levels by time:
    D:10: 2579 daAuts
     D:4: 1402 daAuts
     D:9: 1351 daAuts
     D:5: 1344 daAuts
     D:8: 977 daAuts
     D:2: 974 daAuts
     D:1: 844 daAuts
    D:11: 813 daAuts
     D:6: 786 daAuts
    D:12: 733 daAuts
     D:3: 606 daAuts
     D:7: 550 daAuts
    D:13: 310 daAuts
